 Dungeon Crawl Stone Soup version 0.31-a0-8-gd14b0f4ee2 (webtiles) character file.

Game seed: 1089610350515457675

112 Kuronicle the Trooper (level 4, 0/49 HPs)
             Began as an Ogre Berserker on May 6, 2023.
             Was a Believer of Trog.
             Slain by a black bear (2 damage)
             ... on level 4 of the Dungeon.
             The game lasted 00:05:16 (2787 turns).

Kuronicle the Trooper (Ogre Berserker)              Turns: 2787, Time: 00:05:16

Health: 0/49       AC:  3    Str: 23    XL:     4   Next: 93%
Magic:  4/4        EV: 10    Int:  8    God:    Trog [**....]
Gold:   130        SH:  0    Dex:  8    Spells: 3/3 levels left

rFire   + . .        m - +0 war axe
rCold   + . .        (no shield)
rNeg    . . .        a - +0 animal skin
rPois   +            (helmet restricted)
rElec   +            (no cloak)
rCorr   +            (gloves unavailable)
SInv    .            (boots unavailable)
Will    .....        (no amulet)
Stlth   +            (no ring)
HPRegen 0.28/turn    (no ring)
MPRegen 0.09/turn

%: no passive effects
@: resistant, hasted, very quick
A: large, unfitting armour, tough skin 1
a: Renounce Religion, Berserk, Trog's Hand


You were on level 4 of the Dungeon.
You worshipped Trog.
Trog was pleased with you.
You visited 1 branch of the dungeon, and saw 4 of its levels.

You collected 130 gold pieces.

Inventory:

Hand Weapons
 h - a +0 club
 i - a +4 spear
 m - a +0 war axe (weapon)
Armour
 a - a +0 animal skin (worn)
 r - a +2 pair of gloves
Scrolls
 j - a scroll of teleportation {unknown}
 o - 3 scrolls of identify
 p - a scroll of poison {unknown}
 q - a scroll of noise {unknown}
Potions
 b - a potion of cancellation
 d - a potion of might {unknown}
 e - 4 potions of mutation {unknown}
 f - a potion of curing {unknown}
 g - a potion of ambrosia
 k - 5 potions of haste
 l - a potion of brilliance {unknown}
 n - a potion of lignification {unknown}


   Skills:
 + Level 4.6 Fighting
 * Level 0.6(1.2) Axes
 + Level 1.6(1.7) Polearms
 * Level 1.0 Armour
 + Level 3.1 Dodging
 * Level 1.0 Stealth
 + Level 3.2 Unarmed Combat


You had 3 spell levels left.
You didn't know any spells.
Your spell library was empty.

Dungeon Overview and Level Annotations

Branches:
Dungeon (4/15)
 Temple: D:4-7

Altars:
Dithmenos
Fedhas


Innate Abilities, Weirdness & Mutations

You are too large for most types of armour.
You have tough skin. (AC +1)


Message History

It was a potion of ambrosia.
You are confused.
You feel invigorated.
It was a potion of resistance.
You feel protected.
You bump into the closed door.
You hit the black bear.
The black bear is moderately wounded.
The black bear bites you.
The black bear claws you but does no damage.
The black bear barely misses you.
You feel less invigorated.
You feel less confused.
You barely miss the black bear.
The black bear is moderately wounded.
The black bear bites you.
The black bear claws you but does no damage. x2
You barely miss the black bear.
The black bear is moderately wounded.
You barely miss the black bear.
The black bear is moderately wounded.
The black bear barely misses you. The black bear claws you.
The black bear closely misses you.
You barely miss the black bear.
The black bear is moderately wounded.
The black bear bites you.
* * * LOW HITPOINT WARNING * * *
The black bear claws you.
* * * LOW HITPOINT WARNING * * *
The black bear barely misses you.
You closely miss the black bear.
The black bear is moderately wounded.
The black bear barely misses you. The black bear claws you.
* * * LOW HITPOINT WARNING * * *
The black bear claws you.
* * * LOW HITPOINT WARNING * * *
You hit the black bear.
The black bear is heavily wounded.
The black bear closely misses you. The black bear claws you.
You die...

#..#.....#..#+###'#..#.#
#..#.....#..#.....#..#.#
#..#.....+..+.._..+..+.#
.. #.....#..#.....#..#.#
..#
#.....#..#+###+#..#.#
..> #####.#..# #..#.#
#.+ +##+ #h# #@# #.# #..
####


You could see a black bear.

Vanquished Creatures
  A hound (D:3)
  4 adders
  2 dart slugs
  8 ball pythons
  5 endoplasms
  3 giant cockroaches
  2 goblins (D:1)
  2 hobgoblins (D:2)
  3 quokkas
  4 bats
  2 frilled lizards (D:3)
  3 kobolds
  3 rats
42 creatures vanquished.

Notes
Turn   | Place    | Note
-------+----------+-------------------------------------------
     0 | D:1      | Kuronicle the Ogre Berserker began the quest for the Orb.
     0 | D:1      | Reached XP level 1. HP: 24/24 MP: 1/1
   217 | D:1      | Reached XP level 2. HP: 32/32 MP: 2/2
   990 | D:2      | Reached XP level 3. HP: 24/40 MP: 3/3
  1090 | D:2      | Found a blossoming altar of Fedhas.
  1105 | D:2      | Reached ** piety under Trog
  1644 | D:3      | Reached skill level 1 in Polearms
  1644 | D:3      | Reached XP level 4. HP: 34/49 MP: 4/4
  2622 | D:4      | Reached skill level 1 in Stealth
  2735 | D:4      | Found a shadowy altar of Dithmenos.
  2751 | D:4      | Reached skill level 1 in Armour
  2752 | D:4      | Noticed a black bear
  2786 | D:4      | HP: 1/49 [black bear (2)]
  2787 | D:4      | Slain by a black bear

Illustrated notes

Levels and vault maps discovered:
D:1:      scummos_arrival_forest, layout_basic, grunt_decor_one_mirror
D:2:      layout_basic, serial_shops, nicolae_shop_getting_attention,
          basic_altar, chequers_ecumenical_altar_island
D:3:      layout_loops_corners
D:4:      layout_basic, mainiacjoe_overflow_24_doors, minmay_crystal_water

Skill      XL: |  1  2  3  4 |
---------------+-------------+-----
Unarmed Combat | 3 |  3.2
Dodging        | 3 |  3.1
Polearms       | 1 |  1.6
Stealth        | 1 |  1.0
Armour         | 1 |  1.0
Fighting       | |  4.6
Axes           | |  0.6

Action                     |  1- 3 |  4- 6 || total
---------------------------+-------+-------++-------
  Melee: Unarmed           |    28 |       ||    28
         Spear             |    37 |     7 ||    44
         Club              |     5 |       ||     5
         War axe           |       |    48 ||    48
         Punch             |       |     1 ||     1
    Use: Scroll            |     2 |       ||     2
         Potion            |       |     3 ||     3
 Armour: Animal skin       |    15 |    19 ||    34
  Dodge: Dodged            |    34 |    47 ||    81

Table legend: (Time is in decaauts)
 A = Elapsed time spent in this place.
 B = Non-inter-level travel time spent in this place.
 C = Inter-level travel time spent in this place.
 D = Time resting spent in this place.
 E = Time spent auto-exploring this place.
 F = Levels seen in this place.
 G = Mean time per level.
                   A        B        C        D        E       F      G
               +--------+--------+--------+--------+--------+-----+--------+
         Total |   2801 |   2519 |    282 |      0 |   1978 |   4 |  700.2 |
       Dungeon |   2801 |   2519 |    282 |      0 |   1978 |   4 |  700.2 |
               +--------+--------+--------+--------+--------+-----+--------+

Top non-repeatable levels by time:
     D:3: 1095 daAuts
     D:1: 970 daAuts
     D:2: 546 daAuts
     D:4: 188 daAuts
